SA
BELLEVUE BRUINS @ YELLOWKNIFE DRAGONBLOOD
08/29/2031
 
TOP OF THE 1ST
Bellevue Bruins batting - Pitching for Yellowknife Dragonblood : RHP Van Lapointe
Pitching: RHP Van Lapointe
Batting: RHB Edgar Rogers 0-0: Ball
1-0: Ball
2-0: Swinging Strike
2-1: Foul Ball, location: 2F
2-2: Ball
3-2: Foul Ball, location: 2F
3-2: Fly out, F6 (Popup, 6MS)
Batting: RHB Oki Hai 0-0: Ball
1-0: Foul Ball, location: 2F
1-1: Swinging Strike
1-2: Ball
2-2: Ball
3-2: Foul Ball, location: 2F
3-2: Base on Balls
Batting: RHB Michael Brannon 0-0: Called Strike
0-1: Ball
1-1: Foul Ball, location: 2F
1-2: Ball
2-2: Ball
3-2: Strikes out looking
Batting: LHB Vicente Gonzáles 0-0: Called Strike
0-1: Called Strike
0-2: Ball
1-2: Strikes out swinging
Top of the 1st over - 0 runs, 0 hits, 0 errors, 1 left on base; Bellevue 0 - Yellowknife 0
BOTTOM OF THE 1ST
Yellowknife Dragonblood batting - Pitching for Bellevue Bruins : RHP Walter Boisson
Pitching: RHP Walter Boisson
Batting: RHB Víctor Murguia 0-0: SINGLE (Line Drive, 6D)
Batting: SHB Gerrie Bond 0-0: Called Strike
0-1: Foul Ball, location: 2F
0-2: SINGLE (Line Drive, 56)
Víctor Murguia to second
Batting: SHB Miklos Elias 0-0: Ball
1-0: Ball
2-0: Called Strike
2-1: Ball
3-1: Base on Balls
Víctor Murguia to third
Gerrie Bond to second
Batting: SHB Paul Graves 0-0: Foul Ball, location: 2F
0-1: Called Strike
0-2: Grounds into double play, 3-6-3 (Groundball, 3)
Víctor Murguia scores
Gerrie Bond to third
Batting: RHB Bill Boyd 0-0: Called Strike
0-1: Ball
1-1: Swinging Strike
1-2: Ball
2-2: Ball
3-2: Strikes out swinging
Bottom of the 1st over - 1 run, 2 hits, 0 errors, 1 left on base; Bellevue 0 - Yellowknife 1
TOP OF THE 2ND
Bellevue Bruins batting - Pitching for Yellowknife Dragonblood : RHP Van Lapointe
Batting: RHB Gil Andersen 0-0: Foul Ball, location: 2F
0-1: Called Strike
0-2: Strikes out swinging
Batting: SHB Julián Valentín 0-0: Called Strike
0-1: Ball
1-1: Foul Ball, location: 2F
1-2: Strikes out swinging
Batting: RHB Jesús González 0-0: Swinging Strike
0-1: SINGLE (Line Drive, 7S)
Batting: SHB José Tirado 0-0: Ball
1-0: Called Strike
1-1: Called Strike
1-2: Ball
2-2: Fly out, F7 (Flyball, 7)
Top of the 2nd over - 0 runs, 1 hit, 0 errors, 1 left on base; Bellevue 0 - Yellowknife 1
BOTTOM OF THE 2ND
Yellowknife Dragonblood batting - Pitching for Bellevue Bruins : RHP Walter Boisson
Batting: RHB Fernando González 0-0: Foul Ball, location: 2F
0-1: DOUBLE (Flyball, 78XD)
Batting: SHB Jim Dunleavy 0-0: SINGLE (Line Drive, 78S)
Fernando González to third
Batting: RHB Andy Garnet 0-0: Ball
1-0: Called Strike
1-1: Foul Ball, location: 2F
1-2: Strikes out swinging
Batting: RHB Orlando Moruga 0-0: Called Strike
0-1: Fly out, F9 (Flyball, 9S)
Batting: RHB Víctor Murguia 0-0: Called Strike
0-1: Ball
1-1: Ball
2-1: SINGLE (Line Drive, 7S)
Fernando González scores
Jim Dunleavy to second
Batting: SHB Gerrie Bond 0-0: Fly out, F8 (Flyball, 8RD)
Bottom of the 2nd over - 1 run, 3 hits, 0 errors, 2 left on base; Bellevue 0 - Yellowknife 2
TOP OF THE 3RD
Bellevue Bruins batting - Pitching for Yellowknife Dragonblood : RHP Van Lapointe
Batting: RHB Mark Merry 0-0: Fly out, F9 (Flyball, 9LM)
Batting: RHB Edgar Rogers 0-0: Foul Ball, location: 2F
0-1: Ball
1-1: Foul Ball, location: 2F
1-2: Foul Ball, location: 2F
1-2: Foul Ball, location: 2F
1-2: Ball
2-2: Strikes out swinging
Batting: RHB Oki Hai 0-0: Foul Ball, location: 2F
0-1: Ball
1-1: Swinging Strike
1-2: Ball
2-2: Strikes out swinging
Top of the 3rd over - 0 runs, 0 hits, 0 errors, 0 left on base; Bellevue 0 - Yellowknife 2
BOTTOM OF THE 3RD
Yellowknife Dragonblood batting - Pitching for Bellevue Bruins : RHP Walter Boisson
Batting: SHB Miklos Elias 0-0: Ball
1-0: Foul Ball, location: 2F
1-1: Ball
2-1: Ball
3-1: Base on Balls
Batting: SHB Paul Graves 0-0: Foul Ball, location: 2F
0-1: Ball
Miklos Elias is caught stealing 2nd base
1-1: Called Strike
1-2: Foul Ball, location: 2F
1-2: Ball
2-2: Foul Ball, location: 2F
2-2: Strikes out swinging
Batting: RHB Bill Boyd 0-0: Foul Ball, location: 2F
0-1: Foul Ball, location: 2F
0-2: Strikes out swinging
Bottom of the 3rd over - 0 runs, 0 hits, 0 errors, 0 left on base; Bellevue 0 - Yellowknife 2
TOP OF THE 4TH
Bellevue Bruins batting - Pitching for Yellowknife Dragonblood : RHP Van Lapointe
Batting: RHB Michael Brannon 0-0: Ball
1-0: Reached on error, E5 (Groundball, 56S)
Batting: LHB Vicente Gonzáles 0-0: Ball
1-0: Swinging Strike
1-1: Ball
2-1: Foul Ball, location: 2F
2-2: Fly out, F9 (Flyball, 9S)
Batting: RHB Gil Andersen 0-0: Ground out 6-3 (Groundball, 6)
Batting: SHB Julián Valentín 0-0: Called Strike
0-1: Foul Ball, location: 2F
0-2: Ground out 2-3 (Groundball, 2L)
Top of the 4th over - 0 runs, 0 hits, 1 error, 1 left on base; Bellevue 0 - Yellowknife 2
BOTTOM OF THE 4TH
Yellowknife Dragonblood batting - Pitching for Bellevue Bruins : RHP Walter Boisson
Batting: RHB Fernando González 0-0: Ball
1-0: Swinging Strike
1-1: Called Strike
1-2: Foul Ball, location: 2F
1-2: Ball
2-2: Strikes out swinging
Batting: SHB Jim Dunleavy 0-0: Swinging Strike
0-1: Reached on error, E1 (Groundball, 15)
Batting: RHB Andy Garnet 0-0: Swinging Strike
0-1: Ball
1-1: Ball
2-1: Foul Ball, location: 2F
2-2: Strikes out swinging
Batting: RHB Orlando Moruga 0-0: Ball
1-0: Ball
2-0: Foul Ball, location: 2F
2-1: Fly out, F4 (Popup, 4)
Bottom of the 4th over - 0 runs, 0 hits, 1 error, 1 left on base; Bellevue 0 - Yellowknife 2
TOP OF THE 5TH
Bellevue Bruins batting - Pitching for Yellowknife Dragonblood : RHP Van Lapointe
Batting: RHB Jesús González 0-0: Foul Ball, location: 2F
0-1: Ball
1-1: Ground out 3-1 (Groundball, 34)
Batting: SHB José Tirado 0-0: Called Strike
0-1: Ground out 4-3 (Groundball, 4M)
Batting: RHB Mark Merry 0-0: Called Strike
0-1: Ball
1-1: Swinging Strike
1-2: Strikes out swinging
Top of the 5th over - 0 runs, 0 hits, 0 errors, 0 left on base; Bellevue 0 - Yellowknife 2
BOTTOM OF THE 5TH
Yellowknife Dragonblood batting - Pitching for Bellevue Bruins : RHP Walter Boisson
Batting: RHB Víctor Murguia 0-0: Called Strike
0-1: Ball
1-1: Ball
2-1: SINGLE (Line Drive, 3)
Batting: SHB Gerrie Bond 0-0: Ball
Throwing error on steal attempt, E2
Víctor Murguia to third
1-0: Fly out, F8 (Flyball, 8RM)
Batting: SHB Miklos Elias 0-0: Intentional Walk
Batting: SHB Paul Graves 0-0: Called Strike
0-1: Ball
1-1: Called Strike
1-2: Ball
2-2: Ball
3-2: Ground out 4-3 (Groundball, 4)
Víctor Murguia scores
Miklos Elias to second
Batting: RHB Bill Boyd 0-0: Ball
1-0: Ground out 5-3 (Groundball, 56)
Bottom of the 5th over - 1 run, 1 hit, 1 error, 1 left on base; Bellevue 0 - Yellowknife 3
TOP OF THE 6TH
Bellevue Bruins batting - Pitching for Yellowknife Dragonblood : RHP Van Lapointe
Batting: RHB Edgar Rogers 0-0: Ball
1-0: Ball
2-0: Called Strike
2-1: Ground out 5-3 (Groundball, 56)
Batting: RHB Oki Hai 0-0: Called Strike
0-1: Ball
1-1: Ball
2-1: Ball
3-1: Base on Balls
Batting: RHB Michael Brannon 0-0: Called Strike
0-1: Foul Ball, location: 2F
0-2: SINGLE (Flyball, 8LS)
Oki Hai to second
Batting: LHB Vicente Gonzáles 0-0: Ball
1-0: Ball
2-0: Ball
3-0: Called Strike
3-1: Fly out, F9 (Flyball, 89S)
Batting: RHB Gil Andersen 0-0: Called Strike
0-1: Foul Ball, location: 2F
0-2: Strikes out looking
Top of the 6th over - 0 runs, 1 hit, 0 errors, 2 left on base; Bellevue 0 - Yellowknife 3
BOTTOM OF THE 6TH
Yellowknife Dragonblood batting - Pitching for Bellevue Bruins : RHP Walter Boisson
Batting: RHB Fernando González 0-0: SINGLE (Groundball, 4D)
Batting: SHB Jim Dunleavy 0-0: Bunted foul
0-1: Bunt missed!
0-2: Ball
1-2: Ball
2-2: Strikes out swinging
Batting: RHB Andy Garnet 0-0: Ball
1-0: Ball
2-0: Fly out, F8 (Flyball, 8LD)
Batting: RHB Orlando Moruga 0-0: Ball
1-0: Called Strike
1-1: Foul Ball, location: 2F
1-2: SINGLE (Groundball, 3D)
Fernando González to second
Runner from 2nd tries for 3rd, SAFE, no throw
Batting: RHB Víctor Murguia 0-0: Ball
1-0: Ball
2-0: Called Strike
2-1: Ball
3-1: Foul Ball, location: 2F
3-2: Strikes out swinging
Bottom of the 6th over - 0 runs, 2 hits, 0 errors, 2 left on base; Bellevue 0 - Yellowknife 3
TOP OF THE 7TH
Bellevue Bruins batting - Pitching for Yellowknife Dragonblood : RHP Van Lapointe
Batting: SHB Julián Valentín 0-0: Called Strike
0-1: Ball
1-1: Reached on error, E4 (Groundball, 4)
Batting: RHB Jesús González 0-0: Ball
1-0: Ball
2-0: SINGLE (Line Drive, 5D)
Julián Valentín to second
Batting: SHB José Tirado 0-0: Fly out, F8 (Flyball, 8RS)
Batting: RHB Mark Merry 0-0: Swinging Strike
0-1: Called Strike
0-2: Strikes out looking
Batting: RHB Edgar Rogers 0-0: Ball
1-0: Called Strike
1-1: Ball
2-1: Called Strike
2-2: Foul Ball, location: 2F
2-2: Ball
3-2: Ground out 5-3 (Groundball, 5L)
Top of the 7th over - 0 runs, 1 hit, 1 error, 2 left on base; Bellevue 0 - Yellowknife 3
BOTTOM OF THE 7TH
Yellowknife Dragonblood batting - Pitching for Bellevue Bruins : RHP Walter Boisson
Batting: SHB Gerrie Bond 0-0: Ball
1-0: Foul Ball, location: 2F
1-1: Swinging Strike
1-2: Foul Ball, location: 2F
1-2: Ball
2-2: Ball
3-2: Ground out 5-3 (Groundball, 56)
Batting: SHB Miklos Elias 0-0: SINGLE (Line Drive, 4M)
Batting: SHB Paul Graves 0-0: Ball
1-0: SINGLE (Flyball, 89M)
Miklos Elias to second
Runner from 2nd tries for 3rd, SAFE, no throw
Batting: RHB Bill Boyd 0-0: Swinging Strike
0-1: Foul Ball, location: 2F
0-2: SINGLE (Groundball, 6MD)
Miklos Elias scores
Paul Graves to second
Pitching: RHP Ned Quelch
Batting: RHB Fernando González 0-0: Ball
1-0: Ball
2-0: Ball
3-0: Called Strike
3-1: Fly out, F9 (Flyball, 9LM)
Batting: SHB Jim Dunleavy 0-0: Ground out 1-3 (Groundball, 13)
Bottom of the 7th over - 1 run, 3 hits, 0 errors, 2 left on base; Bellevue 0 - Yellowknife 4
TOP OF THE 8TH
Bellevue Bruins batting - Pitching for Yellowknife Dragonblood : RHP Van Lapointe
Pitching: RHP Kazuchika Okada
Batting: RHB Oki Hai 0-0: SINGLE (Groundball, 34D)
Batting: RHB Michael Brannon 0-0: Ball
1-0: Foul Ball, location: 2F
1-1: Foul Ball, location: 2F
1-2: Ball
2-2: SINGLE (Flyball, 7S)
Oki Hai to second
Batting: LHB Vicente Gonzáles 0-0: Swinging Strike
0-1: Ball
1-1: Swinging Strike
1-2: Ball
2-2: Foul Ball, location: 2F
2-2: Ball
3-2: Strikes out swinging
Batting: RHB Gil Andersen 0-0: Ball
1-0: Foul Ball, location: 2F
1-1: Foul Ball, location: 2F
1-2: Strikes out swinging
Batting: SHB Julián Valentín 0-0: Foul Ball, location: 2F
0-1: Swinging Strike
0-2: Foul Ball, location: 2F
0-2: Strikes out looking
Top of the 8th over - 0 runs, 2 hits, 0 errors, 2 left on base; Bellevue 0 - Yellowknife 4
BOTTOM OF THE 8TH
Yellowknife Dragonblood batting - Pitching for Bellevue Bruins : RHP Ned Quelch
Batting: RHB Andy Garnet 0-0: Swinging Strike
0-1: Ball
1-1: Ball
2-1: Ground out 5-3 (Groundball, 56)
Batting: RHB Orlando Moruga 0-0: Ball
1-0: Foul Ball, location: 2F
1-1: Ball
2-1: Fly out, F9 (Line Drive, 9)
Batting: RHB Víctor Murguia 0-0: Ground out 5-3 (Groundball, 5L)
Bottom of the 8th over - 0 runs, 0 hits, 0 errors, 0 left on base; Bellevue 0 - Yellowknife 4
TOP OF THE 9TH
Bellevue Bruins batting - Pitching for Yellowknife Dragonblood : RHP Kazuchika Okada
Batting: RHB Jesús González 0-0: Ball
1-0: Foul Ball, location: 2F
1-1: Foul Ball, location: 2F
1-2: Ball
2-2: Strikes out swinging
Batting: SHB José Tirado 0-0: Called Strike
0-1: Ball
1-1: Foul Ball, location: 2F
1-2: Ball
2-2: Foul Ball, location: 2F
2-2: Strikes out swinging
Batting: RHB Mark Merry 0-0: Called Strike
0-1: Called Strike
0-2: Fly out, F9 (Flyball, 9)
Top of the 9th over - 0 runs, 0 hits, 0 errors, 0 left on base; Bellevue 0 - Yellowknife 4
Tuesday, June 12th, 2018 - OOTP Baseball 18.8 Build 76